AoeStats
← Tetragamenon11

Arabian Desert

509961331Analyzed
1v1 RM · 5d ago on Sep 28, 2026· 31m 35s· 2 players
Game mode
Random Map
Map size
Tiny (2 player)
Population
200
Speed
Normal
Resources
Standard
Victory
Conquest
Starting age
Dark Age
Ending age
Imperial Age
RankedLock teamsTeams togetherTeam positionsShared explorationLock speedFull tech treeHidden civsTurbo modeCheats
Victory
Defeat
🇵🇪 Inca · Peru
1315
+17
🇩🇪 Khmer · Germany
1331
-17
Tetragamenon11
7:56 Loom
10:32 Feudal Age
13:31 Champi Runner
15:24 Scale Mail Armor
17:00 Forging
18:33 Wheelbarrow
17:44 Double-Bit Axe
17:41 Horse Collar
19:29 Town Watch
25:24 Castle Age
25:27 Pikeman
26:09 Squires
26:17 Squires
26:55 Iron Casting
27:29 Gold Mining
27:53 Champi Warrior
31:09 Chain Mail Armor
Courtois1
6:18 Loom
8:36 Feudal Age
9:45 Double-Bit Axe
19:55 Castle Age
18:59 Bloodlines
21:23 Forging
21:26 Light Cavalry
26:23 Gold Mining
26:52 Fletching
31:54 Bodkin Arrow
Connection lost

Rejoining the realm…

Still unreachable

The connection could not be restored.

Session expired

The server has moved on; the page needs a fresh start.